 Dungeon Crawl Stone Soup version 0.19-a0-1493-gd0fcaa6 (webtiles) character file.

4992 Svalin the Cleaver (level 10, 90/90 HPs)
             Began as a Minotaur Berserker on July 8, 2016.
             Was a High Priest of Trog.
             Quit the game on level 1 of the Lair of Beasts on Sept 9, 2016.
             The game lasted 00:23:26 (9113 turns).

Svalin the Cleaver (Minotaur Berserker)             Turns: 9113, Time: 00:23:26

Health: 90/90      AC: 19    Str: 21    XL:     10   Next: 29%
Magic:  9/9        EV:  7    Int:  4    God:    Trog [*****.]
Gold:   982        SH:  0    Dex: 14    Spells: 0 memorised, 9 levels left

rFire  . . .     SeeInvis .     m - +6 battleaxe (freeze)
rCold  . . .     Gourm    .     D - +0 plate armour (curse)
rNeg   . . .     Faith    .     (shield currently unavailable)
rPois  .         Spirit   .     (helmet restricted)
rElec  .         Dismiss  .     (no cloak)
rCorr  .         Reflect  .     w - +2 pair of gloves
MR     .....     Harm     .     H - +2 pair of boots
Stlth  ..........               (no amulet)
                                (no ring)
                                t - ring of stealth

@: no status effects
A: retaliatory headbutt, horns 2
a: Berserk, Trog's Hand, Brothers in Arms, Burn Spellbooks, Renounce Religion


You were on level 1 of the Lair of Beasts.
You worshipped Trog.
Trog was extremely pleased with you.
You were not hungry.

You visited 3 branches of the dungeon, and saw 10 of its levels.
You also visited: Bailey.

You collected 982 gold pieces.

Inventory:

Hand Weapons
 l - a +1 war axe of electrocution
 m - a +6 battleaxe of freezing (weapon)
 E - a +0 broad axe
 J - a +0 flail
Missiles
 C - a steel tomahawk (quivered)
Armour
 w - a +2 pair of gloves (worn)
 D - a cursed +0 plate armour (worn)
 F - a +0 chain mail
 H - a +2 pair of boots (worn)
Jewellery
 t - a ring of stealth (left hand)
 x - an uncursed ring of protection from cold {unknown}
Wands
 a - a wand of iceblast (6/15)
 j - a wand of acid (4/15)
 s - a wand of confusion (48/48)
 y - a wand of paralysis (10/24)
 G - a wand of flame (24/48)
Scrolls
 h - 4 scrolls of remove curse
 k - 2 scrolls of fog
 q - 4 scrolls of blinking
 r - a scroll of magic mapping {unknown}
 u - 2 scrolls of identify
 z - 2 scrolls of recharging
 B - a scroll of torment {unknown}
 K - a scroll of enchant weapon {unknown}
 L - a scroll of teleportation
 M - a scroll of enchant armour {unknown}
Potions
 b - a potion of beneficial mutation
 d - a potion of cure mutation {unknown}
 e - a potion of mutation {unknown}
 g - a potion of cancellation {unknown}
 n - a potion of agility {unknown}
 o - a potion of curing {unknown}
 p - a potion of berserk rage
 v - 5 potions of heal wounds
 A - 2 potions of haste
Comestibles
 c - 4 bread rations
 f - 6 meat rations


   Skills:
 * Level 8.8 Fighting
 + Level 14.8 Axes
 + Level 6.4 Armour
 - Level 2.1 Dodging


You had 9 spell levels left.
You didn't know any spells.

Dungeon Overview and Level Annotations

Branches:
Dungeon (8/15)             Temple (1/1) D:6            Lair (1/6) D:8

Altars:
Ashenzari
Cheibriados
Dithmenos
Elyvilon
Fedhas
Gozag
Hepliaklqana
Kikubaaqudgha
Makhleb
Nemelex Xobeh
Okawaru
Ru
Sif Muna
Trog
Uskayaw
Vehumet
Xom
Yredelemnul
Zin
The Shining One

Shops:
D:8 *


Innate Abilities, Weirdness & Mutations

You reflexively headbutt those who attack you in melee.
You have a pair of horns on your head.


Message History

As you read the scroll of identify, it crumbles to dust.
b - a potion of beneficial mutation
As you read the scroll of identify, it crumbles to dust.
p - a potion of berserk rage You start waiting.
Done waiting.
There is a stone staircase leading down here.
Saving game... please wait.
Welcome back, Svalin the Minotaur Berserker.
Trog says: Kill them all!
Press ? for a list of commands and other information.
Welcome back, Svalin the Minotaur Berserker.
Trog says: Kill them all!
Press ? for a list of commands and other information.
Unknown command.
Unknown command.
Unknown command.
Quiver which item? (- for none, * to show all) (? for menu, Esc to quit)
Okay, then.
Are you sure you want to abandon this character and quit the game? (Confirm with "yes".)

#### ##.P# ##...## .....#
##..[..## ...... ##.......##
...... ##.@.......##
.#.#.#.## ##.....P.....##
........####.....##P.....##
#.#.#...##.....#####.....###
........#......# ##......#
.#.#.#........### ##.....##
.............## ##.....##
#.#.#......#.# ##.....##
...........#### ##.....#


There were no monsters in sight!

Vanquished Creatures
  A hydra (Lair:1)
  Pikel (D:4)
  An orc knight (Bailey)
  A spiny frog (Lair:1)
  Eustachio (D:4)
  Menkaure (D:5)
  An ice beast (D:7)
  2 orc warriors (Bailey)
  A sky beast (D:6)
  A phantom (D:5)
  3 slaves (D:4)
  3 ogres
  A centaur (D:5)
  A crocodile (Lair:1)
  2 big kobolds (D:5)
  5 killer bees (D:7)
  5 scorpions
  4 wights (D:7)
  2 howler monkeys
  3 hounds
  A jelly (D:7)
  A centaur skeleton (D:5)
  4 orc wizards
  A gnoll shaman (D:5)
  4 orc priests
  2 iguanas
  3 worker ants
  A hound skeleton (D:7)
  Robin (D:2)
  20 gnolls
  12 adders
  3 shadow imps
  An ooze (D:3)
  3 worms
  6 giant geckos
  17 orcs
  5 giant cockroaches
  32 goblins
  41 hobgoblins
  4 jackals (D:2)
  A quokka (D:3)
  3 ball pythons
  13 bats
  6 giant newts
  A jackal skeleton (D:5)
  16 kobolds
  6 rats
248 creatures vanquished.

Vanquished Creatures (collateral kills)
  A crimson imp (D:5)
  2 goblins (D:5)
  4 hobgoblins (D:5)
  A jackal skeleton (D:5)
  5 kobolds (Bailey)
13 creatures vanquished.

Vanquished Creatures (others)
  A giant gecko (D:4)
  A giant gecko skeleton (D:4)
2 creatures vanquished.

Grand Total: 263 creatures vanquished

Notes
Turn   | Place    | Note
-------+----------+-------------------------------------------
     0 | D:1      | Svalin the Minotaur Berserker began the quest for the Orb.
     0 | D:1      | Reached XP level 1. HP: 19/19 MP: 0/0
   121 | D:1      | Reached skill level 4 in Axes
   323 | D:1      | Reached XP level 2. HP: 14/26 MP: 1/1
  1041 | D:1      | Reached skill level 5 in Axes
  1144 | D:2      | Reached ** piety under Trog
  1147 | D:2      | Reached XP level 3. HP: 20/31 MP: 2/2
  1591 | D:2      | Found a basalt altar of Yredelemnul.
  1855 | D:2      | Reached skill level 6 in Axes
  1855 | D:2      | Reached XP level 4. HP: 34/39 MP: 3/3
  1949 | D:2      | Noticed Robin
  1968 | D:2      | Killed Robin
  2291 | D:2      | Found a burning altar of Makhleb.
  2295 | D:2      | Reached skill level 7 in Axes
  2295 | D:2      | Reached XP level 5. HP: 41/45 MP: 4/4
  2355 | D:3      | Reached *** piety under Trog
  2905 | D:3      | Reached skill level 8 in Axes
  2935 | D:3      | Reached XP level 6. HP: 51/51 MP: 5/5
  3214 | D:4      | Reached skill level 9 in Axes
  3338 | D:4      | Noticed Eustachio
  3355 | D:4      | Killed Eustachio
  3355 | D:4      | Reached XP level 7. HP: 47/57 MP: 6/6
  3441 | D:4      | Noticed Pikel
  3451 | D:4      | Killed Pikel
  3451 | D:4      | Reached skill level 11 in Axes
  3451 | D:4      | Reached XP level 8. HP: 38/64 MP: 7/7
  3512 | D:4      | Reached **** piety under Trog
  3669 | D:4      | Reached skill level 12 in Axes
  3697 | D:4      | Found an iron altar of Okawaru.
  4265 | D:5      | Entered Level 5 of the Dungeon
  4269 | D:5      | Found a blossoming altar of Fedhas.
  4318 | D:5      | Noticed Menkaure
  4339 | D:5      | Killed Menkaure
  4757 | D:5      | Reached skill level 13 in Axes
  4974 | D:5      | Reached ***** piety under Trog
  5054 | D:5      | Found a deep blue altar of Sif Muna.
  5123 | D:5      | Reached XP level 9. HP: 70/70 MP: 8/8
  5268 | D:5      | Got a jewelled plate armour
  5279 | D:5      | Identified the +2 plate armour of Insecurity {-Tele rN++ MR- SInv} (You found it on level 5 of the Dungeon)
  5346 | D:5      | Reached skill level 14 in Axes
  5508 | D:5      | Found a blossoming altar of Fedhas.
  5509 | D:5      | Found a glowing golden altar of the Shining One.
  6268 | D:6      | Found a staircase to the Ecumenical Temple.
  6512 | Temple   | Entered the Ecumenical Temple
  6646 | D:7      | Found a flagged portal.
  6667 | D:7      | Reached skill level 5 in Fighting
  6908 | Bailey   | Entered a bailey
  7145 | Bailey   | Noticed an orc knight
  7155 | Bailey   | Killed an orc knight
  7155 | Bailey   | Reached skill level 5 in Armour
  7176 | Bailey   | Found a burning altar of Makhleb.
  7184 | Bailey   | Got a heavily runed steam dragon armour
  7248 | Bailey   | Identified the +4 steam dragon armour of Gravitas {-Cast rN+ Str-2 Int+6} (You found it in a bailey)
  7292 | D:7      | Found a shattered altar of Ashenzari.
  7310 | D:7      | Received a gift from Trog
  7671 | D:7      | Found a bloodstained altar of Trog.
  8163 | D:8      | Found a sparkling altar of Nemelex Xobeh.
  8189 | D:8      | Reached XP level 10. HP: 71/88 MP: 9/9
  8321 | D:8      | Found a staircase to the Lair.
  8417 | D:8      | Found Zin's Purification Station.
  8422 | D:8      | Found a glowing silver altar of Zin.
  8542 | D:8      | Got an ichor-stained hand axe
  8543 | D:8      | Lost intelligence.
  8543 | D:8      | Identified the +10 hand axe of Malaise {freeze, +Inv +Fly rElec Int-4} (You found it on level 8 of the Dungeon)
  8609 | Lair:1   | Entered Level 1 of the Lair of Beasts
  8659 | Lair:1   | Noticed a spiny frog
  8660 | Lair:1   | Noticed a five-headed hydra
  8665 | Lair:1   | Killed a spiny frog
  8671 | Lair:1   | Killed a nine-headed hydra
  9113 | Lair:1   | Upgraded the game from 0.19-a0-944-gb338e1e to 0.19-a0-1493-gd0fcaa6
  9113 | Lair:1   | Quit the game

Vault maps used:
D:1:      co_arrival_random_square_maze
D:2:      lemuel_coloured_pillars_altar, makhleb_blood_cavern_becter, uniq_robin
D:3:      minmay_diamond_boxcup
D:4:      okawaru_ov_weapons_minmay, first_bread,
          hangedman_abyss_or_decor_lesser_grid, uniq_pikel, uniq_eustachio
D:5:      minmay_goblin_kobold_castle, kennysheep_mini,
          gammafunk_temple_overflow_pools, fedhas_altar_3, uniq_menkaure
D:7:      ashenzari_conservatory_becter, nicolae_overflow_hidden_temple,
          enter_bailey_2
D:8:      zin_purify, nemelex_xobeh_ov_fountains_minmay, lair_0_dummy
Temple:   nicolae_temple_no_exploring_needed
Lair:1:   basic_altar, st_stairs_12, beast_lair_carwin_11, uniq_nergalle,
          uniq_urug, uniq_erica
Bailey:   bailey_axe_3, bailey

Skill      XL: |  1  2  3  4  5  6  7  8  9 10 |
---------------+-------------------------------+-----
Axes           | 4 5 6 7 8 9 11 13 14 | 14.8
Fighting       | 7 8 |  8.8
Armour         | 5 6 |  6.4
Dodging        | |  2.1

Action                   |  1- 3 |  4- 6 |  7- 9 | 10-12 || total
-------------------------+-------+-------+-------+-------++-------
Melee: Hand axe          |    80 |    44 |       |       ||   124
       Headbutt          |    18 |    16 |    39 |     4 ||    77
       War axe           |       |    59 |   237 |       ||   296
       Battleaxe         |       |       |    27 |    19 ||    46
Throw: Tomahawk          |       |       |     7 |       ||     7
Invok: Berserk           |     1 |     2 |     5 |     1 ||     9
       Trog's Hand       |       |     1 |     2 |       ||     3
       Burn Spellbooks   |       |     1 |     2 |     1 ||     4
       Brothers in Arms  |       |       |     2 |       ||     2
  Use: Scroll            |     1 |     3 |     5 |     4 ||    13
       Potion            |       |       |       |     1 ||     1
 Stab: Distracted        |       |     1 |       |       ||     1
       Sleeping          |       |       |     1 |       ||     1
  Eat: Chunk             |     2 |     9 |    14 |     1 ||    26
       Meat ration       |       |       |     1 |     1 ||     2
       Pizza             |       |       |     1 |       ||     1
       Beef jerky        |       |       |     1 |       ||     1
Armor: Animal skin       |    17 |       |       |       ||    17
       Ring mail         |     6 |    26 |    78 |       ||   110
       Chain mail        |       |       |     6 |       ||     6
       Plate armour      |       |       |     2 |    17 ||    19
Dodge: Dodged            |    35 |    57 |   141 |     4 ||   237
